Unix NetHack Version 3.7.0-88 Work-in-progress - last build Aug 6 2023 23:41:04 (5c9c4c7fffe0d5f0a8b1342c2a36a56ed743986a,branch:master). Game began 2023-08-03 11:25:31, ended 2023-08-10 12:56:45. Grasshopper, neutral female human Wizard ----------------- |.).............| ---.[.----|----)..--- |....--..$....--....| -------...--..=..... --...------- ------ |.........| ....%... |......[..| ---- X ....| |$..------- ..)..... -------..[| ... ---------..-- ----/--- -....... ---)---- --..- |.......|..*-- --.......- -----|----- ..../..-- --...| | |..?D...|..A.---[...)"...- ---.........--- ......).---....| ....| |..H@A..-.))...$[....[)... |.............| ..../....[).../-=.._...| |)..D.U.|..D.---.........- |. ----.---- .| .......---)...| ....| |...D...|...-- --.......- | ..... | .....-- --...| | ---------..-- -------- |$....%.| ----- --..- ...| |..._...| ... ----- |.......| ---- |.......| --------- Grasshopper the Mage St:18/** Dx:22 Co:18 In:23 Wi:23 Ch:18 Neutral S:1532298 Astral Plane $:256 HP:593(593) Pw:267(598) AC:-48 Exp:30 Satiated Latest messages: The invisible Gabriel hits the high priestess of Thoth. The invisible Gabriel hits the high priestess of Thoth. The high priestess of Thoth wields a mace! The invisible Gabriel picks up a mace. What do you want to use or apply? [ceijl-oqs-uzCJ-LPUWXZ or ?*] s In what direction? 7 Status of K2 (lawful, huge): Level 24 HP 192(192) AC -21, tame, eating, fast, invisible. What do you want to zap? [ejl-ozJKWXZ or ?*] ? What do you want to zap? [ejl-ozJKWXZ or ?*] Never mind. The invisible Gabriel swings her katana named +8 at the high priestess of Thoth. The invisible Gabriel hits the high priestess of Thoth. The invisible Gabriel swings her katana named +8 at the high priestess of Thoth. The invisible Gabriel hits the high priestess of Thoth. The invisible Gabriel hits the high priestess of Thoth. The high priestess of Thoth swings her mace at the invisible Gabriel. The high priestess of Thoth misses the invisible Gabriel. The high priestess of Thoth misses the invisible Gabriel. What do you want to use or apply? [ceijl-oqs-uzCJ-LPUWXZ or ?*] s In what direction? 9 Status of Gabriel (lawful, medium): Level 35 HP 280(280) AC -38, tame, fast, invisible. The umber hulk drops a wand of teleportation. The invisible Gabriel swings her katana named +8 at the high priestess of Thoth. The invisible Gabriel hits the high priestess of Thoth. The high priestess of Thoth is killed! The invisible Em picks up a wand of teleportation. The blue dragon picks up a wand of striking. The black dragon eats a high priestess corpse. The black dragon picks up a wand of striking. What do you want to use or apply? [ceijl-oqs-uzCJ-LPUWXZ or ?*] s In what direction? 7 Status of K2 (lawful, huge): Level 24 HP 192(192) AC -21, tame, eating, fast, invisible. The blue dragon drops a wand of striking. The invisible Em picks up a wand of striking. What do you want to use or apply? [ceijl-oqs-uzCJ-LPUWXZ or ?*] s In what direction? 2 Status of Em (lawful, gigantic): Level 22 HP 77(176) AC -1, tame, fast, invisible. Pick an object. What do you want to sacrifice? [g or ?*] g You offer the Amulet of Yendor to Thoth... An invisible choir sings, and you are bathed in radiance... The voice of Thoth booms out: "Mortal, thou hast done well!" "In return for thy service, I grant thee the gift of Immortality!" You ascend to the status of Demigoddess... Do you want your possessions identified? [ynq] (y) y Do you want to see your attributes? [ynq] (y) y Do you want an account of creatures vanquished? [ynaq] (y) y Do you want a list of species genocided and extinct? [ynaq] (y) y Do you want to see your conduct and achievements? [ynq] (y) y Do you want to see the dungeon overview? [ynq] (y) y Inventory: Coins ('$') $ - 256 gold pieces Amulets ('"') I - the blessed Eye of the Aethiopica Q - a blessed amulet of life saving (being worn) Weapons (')') a - the blessed rustproof +6 Magicbane (weapon in hand) h - 4 blessed rustproof +7 darts named +7 v - 3 blessed poisoned rustproof +7 darts named +7 (at the ready) w - 6 blessed +7 silver daggers x - the blessed rustproof +7 Frost Brand (alternate weapon; not wielded) Armor ('[') b - a blessed greased fireproof +4 cloak of protection (being worn) B - a blessed fireproof +4 pair of water walking boots (being worn) D - a blessed fireproof +4 small shield (being worn) G - a blessed fireproof +4 pair of gauntlets of dexterity (being worn) H - a blessed greased tempered +5 helm of brilliance (being worn) S - a blessed +4 silver dragon scale mail (being worn) T - a blessed rotted +4 Hawaiian shirt with a hula dancer motif (being worn) Comestibles ('%') f - an uncursed tripe ration C - a blessed eucalyptus leaf F - an uncursed lizard corpse named Lizard of Oz Scrolls ('?') y - a blessed scroll of genocide A - 6 blessed scrolls of taming Wands ('/') e - an uncursed wand of lightning (1:15) j - an uncursed wand of teleportation (1:6) l - an uncursed wand of cold (1:15) m - an uncursed wand of sleep (1:1) n - an uncursed wand of digging (0:4) o - an uncursed wand of death (2:5) z - an uncursed wand of undead turning (0:7) J - an uncursed wand of teleportation (2:1) K - an uncursed wand of light (0:12) W - an uncursed wand of cold (0:7) X - an uncursed wand of probing (1:0) Z - an uncursed wand of speed monster (0:3) Rings ('=') d - an uncursed +5 ring of increase damage (on left hand) O - an uncursed +5 ring of increase damage (on right hand) Potions ('!') E - a potion of unholy water M - a blessed potion of full healing Tools ('(') c - a blessed skeleton key i - a blessed greased bag of holding containing 128 items q - a blessed magic whistle s - a blessed stethoscope t - a blessed towel u - a blessed +0 unicorn horn L - a blessed oil lamp named used (lit) P - the blessed Platinum Yendorian Express Card U - a blessed oilskin sack named <<< CANCELLATION >>> containing 2 items Gems/Stones ('*') N - a blessed luckstone Contents of the bag of holding: an uncursed amulet of flying an uncursed amulet of magical breathing a blessed poisoned rustproof +7 dart named +7 28 blessed poisoned rustproof +7 darts named +7 6 blessed +7 silver daggers the blessed +7 Werebane a blessed greased fireproof +4 cloak of magic resistance a blessed +2 mummy wrapping a cursed +0 mummy wrapping a blessed fireproof +4 robe 3 uncursed apples 4 blessed carrots 4 blessed eucalyptus leaves 2 uncursed fortune cookies 3 uncursed K-rations 2 blessed lembas wafers 4 uncursed lumps of royal jelly an uncursed sprig of wolfsbane 2 uncursed tripe rations a blessed tin of spinach 2 blessed eggs named chook 3 blessed cockatrice eggs 2 uncursed eggs named chook 4 blessed scrolls of blank paper 3 cursed scrolls of blank paper a blessed scroll of charging 3 uncursed scrolls of create monster 2 cursed scrolls of create monster a blessed scroll of enchant weapon a blessed scroll of genocide 4 blessed scrolls of gold detection a blessed scroll of light a blessed scroll of remove curse 5 uncursed scrolls of teleportation 2 cursed scrolls of teleportation an uncursed wand of cold (0:8) an uncursed wand of cold named 1 (0:7) an uncursed wand of cold (0:7) an uncursed wand of cold (0:5) an uncursed wand of create monster (0:11) an uncursed wand of death (0:5) an uncursed wand of digging (0:8) an uncursed wand of digging (0:8) an uncursed wand of digging (0:7) an uncursed wand of digging (0:7) an uncursed wand of digging (0:6) an uncursed wand of digging named 2 (0:5) an uncursed wand of enlightenment (0:15) an uncursed wand of fire (0:6) an uncursed wand of lightning (0:7) an uncursed wand of locking (2:8) an uncursed wand of magic missile (0:6) an uncursed wand of magic missile (0:7) an uncursed wand of make invisible (0:7) an uncursed wand of opening (0:8) a blessed wand of polymorph (0:8) an uncursed wand of probing (0:3) an uncursed wand of secret door detection (0:12) an uncursed wand of sleep (0:7) an uncursed wand of sleep (0:6) an uncursed wand of sleep named 1 (1:4) an uncursed wand of sleep (0:2) an uncursed wand of slow monster named 2 (0:6) an uncursed wand of slow monster (0:5) an uncursed wand of speed monster (0:7) an uncursed wand of speed monster (1:6) an uncursed wand of speed monster (0:6) an uncursed wand of speed monster (0:5) an uncursed wand of striking (0:4) an uncursed wand of striking (0:8) an uncursed wand of striking (0:6) a blessed wand of teleportation (0:4) a blessed wand of teleportation (0:2) a blessed wand of teleportation (0:1) an uncursed wand of teleportation (0:6) an uncursed wand of teleportation (0:5) an uncursed wand of teleportation (0:4) an uncursed wand of teleportation (0:3) an uncursed wand of undead turning named 1 (0:3) an uncursed wand of wishing (1:1) a blessed +2 ring of adornment an uncursed +2 ring of adornment an uncursed ring of conflict an uncursed ring of free action a blessed +1 ring of gain constitution an uncursed ring of hunger a blessed +4 ring of increase damage an uncursed +1 ring of increase damage an uncursed ring of levitation an uncursed ring of polymorph an uncursed ring of polymorph control an uncursed +2 ring of protection a blessed ring of protection from shape changers an uncursed ring of regeneration a blessed ring of searching an uncursed ring of slow digestion an uncursed ring of stealth an uncursed potion of acid 3 blessed potions of full healing 2 uncursed potions of paralysis an uncursed potion of polymorph 4 potions of holy water an uncursed sack named LOOOT DO NOT REMOVE containing 1 item an uncursed tooled horn an uncursed wooden flute an uncursed magic marker (1:9) an uncursed pair of lenses an uncursed tallow candle 13 uncursed wax candles an uncursed agate stone an uncursed amber stone an uncursed amethyst stone 2 uncursed black opals an uncursed citrine stone an uncursed dilithium crystal an uncursed jacinth stone 2 uncursed jade stones an uncursed jet stone an uncursed obsidian stone an uncursed opal an uncursed sapphire an uncursed topaz stone 3 uncursed turquoise stones 4 uncursed worthless pieces of black glass 6 uncursed worthless pieces of orange glass 3 uncursed worthless pieces of white glass 7 uncursed worthless pieces of yellow glass an uncursed luckstone Contents of the sack named LOOOT DO NOT REMOVE: an uncursed sack named 6 containing 1 item Contents of the sack named 6: an uncursed sack named 5 containing 1 item Contents of the sack named 5: an uncursed sack named 4 containing 1 item Contents of the sack named 4: an uncursed sack named 3 containing 1 item Contents of the sack named 3: an uncursed sack named 2 containing 1 item Contents of the sack named 2: an uncursed sack named 1 containing 1 item Contents of the sack named 1: a blessed bag of holding containing 22 items Contents of the bag of holding: 25 uncursed agate stones 20 uncursed amber stones 17 uncursed amethyst stones 38 uncursed aquamarine stones 7 uncursed black opals 15 uncursed chrysoberyl stones 10 uncursed citrine stones 10 uncursed diamonds an uncursed dilithium crystal 21 uncursed emeralds 5 uncursed fluorite stones 23 uncursed garnet stones 17 uncursed jacinth stones 7 uncursed jade stones 27 uncursed jasper stones 12 uncursed jet stones 18 uncursed obsidian stones 21 uncursed opals 30 uncursed rubies 13 uncursed sapphires 11 uncursed topaz stones 11 uncursed turquoise stones Contents of the oilskin sack named <<< CANCELLATION >>>: an uncursed scroll of scare monster an uncursed wand of cancellation (2:7) Grasshopper the Wizard's attributes: Background: You were a Mage, a level 30 female human Wizard. You were neutral, on a mission for Thoth who was opposed by Ptah (lawful) and Anhur (chaotic). You were in the endgame, on the Astral Plane. You entered the dungeon 60439 turns ago. You had 100129018 experience points. Your score was 1532298 before end-of-game adjustments. Basics: You had all 593 hit points. You had 267 out of 598 energy points (spell power). Your armor class was -48. Your wallet contained 256 zorkmids. Autopickup was on for '"?+/!*' plus thrown, with exceptions. Final Characteristics: Your strength was 18/100 (limit:18/100). Your dexterity was 22 (base:18, innate limit:18). Your constitution was 18 (limit:18). Your intelligence was 23 (base:18, innate limit:18). Your wisdom was 23 (base:18, innate limit:18). Your charisma was 18 (limit:18). Final Status: You were satiated. You were unencumbered. You were wielding a dagger. You had expert skill with dagger. Final Attributes: You were the Envoy of Balance. You were piously aligned. You were magic-protected. You were fire resistant. You were cold resistant. You were sleep resistant. You were disintegration resistant. You were shock resistant. You were poison resistant. You saw invisible. You were telepathic. You were warned. You would have confused monsters when hitting them. You were invisible to others. You could teleport. You had teleport control. You could walk on water. You had a large damage bonus (+10). You had a large defense bonus (+13). You were protected. You took half spell damage. You were very fast. You had reflection. Your life would have been saved. You were extremely lucky. You had extra luck. Good luck did not time out for you. You survived. Miscellaneous: You encountered 1 bones level. Total elapsed playing time was 2 days, 16 hours, 27 minutes and 24 seconds. Major events: Turn 1: Grasshopper the neutral female human Wizard entered the dungeon 954: attained the rank of Conjurer (level 3) 1441: entered the Gnomish Mines 2499: attained the rank of Thaumaturge (level 6) 11595: reached Mine Town 13642: attained the rank of Magician (level 10) 15532: entered Sokoban 15867: completed 1st Sokoban level 16567: completed 2nd Sokoban level 16959: completed 3rd Sokoban level 17863: completed 4th Sokoban level 18325: acquired the Sokoban bag of holding 20049: Kittamagh, the second-hand bookstore proprietrix, has been killed 20122: read a Discworld novel 20522: Sarangan, the delicatessen proprietrix, has been killed 20543: Senna Hut, the hardware store proprietor, has been killed 22346: destroyed spontiff's ghost, the former Rhizotomist 23270: was bestowed with Magicbane by Thoth 24215: acquired the Mines' End luckstone 25779: was bestowed with Werebane by Thoth 26040: Gorlowka, the liquor emporium proprietrix, has been killed 32306: became Thoth's Envoy of Balance 32306: was bestowed with spellbook of finger of death 33520: attained the rank of Enchantress (level 14) 33859: killed Medusa 34573: made her first wish - "blessed rustproof platinum yendorian express card", got "a credit card named the Platinum Yendorian Express Card" 36172: entered Gehennom 37559: attained the rank of Sorceress (level 18) 40458: found the Eye of the Aethiopica on the floor 40478: killed the Dark One 40488: acquired the Bell of Opening 40607: was bestowed with Frost Brand by Thoth 41697: killed Croesus 44825: attained the rank of Necromancer (level 22) 47839: wished for "uncursed magic marker", got "a magic marker" 48178: performed her first genocide (class m) 50069: attained the rank of Wizard (level 26) 51743: killed Asmodeus 53349: attained the rank of Mage (level 30) 55005: killed Orcus 55963: killed the invisible Baalzebub 56043: killed Juiblex 56911: was bestowed with Cleaver by Thoth 57171: destroyed Vlad the Impaler 57173: acquired the Candelabrum of Invocation 57455: wished for "uncursed magic marker", got "a magic marker" 57706: killed the Wizard of Yendor 57713: acquired the Book of the Dead 57730: performed the invocation 57968: killed the high priestess of Moloch 57972: acquired The Amulet of Yendor 57991: genocided class L 59412: killed the Wizard of Yendor (2nd time) 60023: entered the Elemental Planes 60023: entered Plane of Earth 60024: killed the Wizard of Yendor (3rd time) 60084: entered Plane of Air 60139: entered Plane of Fire 60156: entered Plane of Water 60159: genocided class ; 60254: entered the Astral Plane 60276: killed Pestilence 60296: killed Pestilence (2nd time) 60328: killed Famine 60353: killed Famine (2nd time) 60379: Famine has been killed (3rd time) 60385: killed the invisible Death 60398: killed the invisible Death (2nd time) 60418: Famine has been killed (5th time) 60427: genocided purple worms 60430: killed the invisible Death (3rd time) 60432: genocided class a 60435: the high priestess of Thoth has been killed (2nd time) 60439: ascended Vanquished creatures: Asmodeus Baalzebub Orcus Juiblex the Wizard of Yendor (4 times) Death (thrice) Pestilence (twice) Famine (5 times) Vlad the Impaler 2 arch-liches 2 high clerics Medusa Croesus 13 krakens 7 iron golems 6 master liches a ki-rin 6 storm giants 4 titans 6 glass golems 27 purple worms 3 gray dragons 6 gold dragons 9 silver dragons 11 red dragons 2 white dragons 12 orange dragons 6 black dragons 5 blue dragons 13 green dragons 9 yellow dragons 25 minotaurs 6 jabberwocks the Dark One 9 baluchitheria 20 Angels 4 demiliches a stone golem 7 master mind flayers 6 Olog-hai 4 Nazgul 4 pit fiends 3 sandestins 4 hell hounds 7 displacer beasts 4 titanotheres 5 trappers a baby orange dragon 5 guardian nagas 4 genetic engineers 9 disenchanters 37 vampire leaders 3 skeletons 4 shopkeepers 2 prisoners 42 aligned clerics 5 captains 6 shades 11 liches 2 water trolls 3 clay golems 12 nurses 6 ice devils 4 nalfeshnees 6 lurkers above 7 Aleaxes 9 frost giants 5 ettins 3 golden nagas 7 black puddings 29 vampires 16 lieutenants a watch captain 37 ghosts 2 rogues a tourist a valkyrie a wizard a queen bee 5 winged gargoyles 4 mind flayers 5 giant mimics 3 long worms 10 zruties 12 fire giants 20 ogre tyrants 2 ice trolls 4 rock trolls 5 umber hulks 24 flesh golems 14 elven monarchs 5 doppelgangers 16 hezrous 13 bone devils 5 large mimics 3 wumpuses 2 fire vortices 5 couatls 16 stalkers 5 air elementals 15 fire elementals 6 earth elementals 17 water elementals 14 hill giants 4 giant mummies 5 black nagas 12 xorns 24 giant zombies 14 elf-nobles 20 sergeants 8 barbed devils 4 vrocks 6 salamanders 20 wargs 4 winter wolves 4 hell hound pups 22 small mimics a glass piercer 3 warhorses 7 steam vortices 12 xans 13 ettin mummies 14 ogre leaders 12 quantum mechanics 18 trolls a wood golem 2 erinyes 8 mariliths 2 djinn 8 sharks 8 electric eels 6 gelatinous cubes 6 pyrolisks 2 large dogs 3 freezing spheres 5 flaming spheres 15 shocking spheres 6 large cats 11 tigers 11 gargoyles 2 dwarf rulers 24 tengu 14 ochre jellies 12 leocrottas 8 energy vortices 3 mountain centaurs 10 stone giants 4 elf mummies 3 human mummies 6 red nagas 5 green slimes 6 pythons 6 pit vipers 6 cobras 44 wraiths 6 carnivorous apes 16 ettin zombies 6 leather golems 22 Grey-elves 116 soldiers 4 watchmen 8 amorous demons 10 horned devils 17 chameleons 2 crocodiles 24 giant beetles 13 quivering blobs 14 cockatrices 12 wolves 9 winter wolf cubs 5 lynxes 10 panthers 41 gremlins 3 spotted jellies 17 leprechauns 6 orc-captains 14 iron piercers 5 mumakil 14 giant spiders 12 scorpions 7 horses 4 ice vortices 8 black lights 60 vampire bats 5 forest centaurs 7 gnome rulers 7 orc mummies 9 dwarf mummies 10 ogres 7 brown puddings 14 rust monsters 16 owlbears 8 yetis 7 gold golems a werewolf 18 Green-elves 4 piranha 26 giant eels 26 lizards 12 chickatrices 5 dingoes 4 dogs 5 jaguars 4 dwarf leaders 9 blue jellies 9 white unicorns 4 black unicorns 11 dust vortices 25 ravens 5 plains centaurs 4 gnome mummies 8 snakes 4 apes 18 human zombies 8 rope golems 14 Woodland-elves 34 soldier ants 13 fire ants 9 bugbears 6 imps 6 lemures 16 quasits 6 wood nymphs 7 water nymphs 5 mountain nymphs 26 Mordor orcs 7 Uruk-hai 4 orc shamans 12 rock piercers 12 rock moles 7 ponies 12 fog clouds 14 yellow lights 2 shriekers 11 violet fungi 23 gnome leaders 6 gnomish wizards 5 kobold mummies 8 gray oozes 6 barrow wights 20 elf zombies 16 ghouls 5 straw golems 7 paper golems 9 jellyfish 27 giant ants a little dog 19 floating eyes 3 kittens 23 dwarves 11 homunculi 6 kobold leaders 7 kobold shamans 43 hill orcs 34 rothes 3 rabid rats 3 centipedes 20 giant bats 3 monkeys 21 orc zombies 19 dwarf zombies 3 wererats 2 werejackals 21 iguanas 100 killer bees 3 acid blobs 4 coyotes 2 gas spores 3 hobbits 33 manes 4 large kobolds 12 hobgoblins 8 giant rats 14 cave spiders 7 brown molds 4 yellow molds 4 green molds 3 red molds 57 gnomes 23 garter snakes 18 gnome zombies 13 geckos 14 jackals 7 foxes 7 kobolds 4 goblins 11 sewer rats 7 grid bugs 4 bats 6 lichens 17 kobold zombies 12 newts 3050 creatures vanquished. Genocided or extinct species: arch-liches krakens master liches purple worms demiliches liches queen bees giant mimics large mimics small mimics erinyes (extinct) sharks electric eels giant beetles piranha giant eels soldier ants fire ants jellyfish giant ants killer bees 20 species genocided. 1 species extinct. Voluntary challenges: You read items or engraved 272 times. You never engraved Elbereth. You genocided 20 types of monsters. You used 3 wishes (2 for artifacts). You did not violate any of the special Sokoban rules. Achievements: You attained the rank of Conjurer. You entered a shop. You entered the Gnomish Mines. You attained the rank of Thaumaturge. You entered Minetown. You entered a temple. You attained the rank of Magician. You entered Sokoban. You completed Sokoban. You read from a Discworld novel. You completed the Gnomish Mines. You attained the rank of Enchantress. You defeated Medusa. You entered Gehennom. You attained the rank of Sorceress. You handled the Bell of Opening. You attained the rank of Necromancer. You attained the rank of Wizard. You attained the rank of Mage. You handled the Candelabrum of Invocation. You handled the Book of the Dead. You gained access to Moloch's Sanctum. You reached the Elemental Planes. You reached the Astral Plane. You delivered the Amulet of Yendor. You ascended! The Elemental Planes: Astral Plane: <- You are here. Many temples. Plane of Water: Plane of Fire: Plane of Air: Plane of Earth: The Dungeons of Doom: levels 1 to 26 Level 1: A fountain. One way stairs up to The Elemental Planes. Level 2: "arrow" Level 3: "LAIR" An untended shop, an altar to Thoth. Level 4: Some fountains. Stairs down to The Gnomish Mines. Level 5: "c" A general store. Level 6: Some fountains. Level 7: Level 8: Level 9: "Oracle" Many fountains. Oracle of Delphi. Level 10: An untended shop, a fountain. Stairs up to Sokoban, level 9. Level 11: Level 12: "junksstash" A fountain. Level 13: An altar, some fountains. Level 14: "v" Level 15: A primitive area. Portal to The Quest. Level 16: "lp" Level 17: "lp" Level 18: A temple to Thoth, a fountain. Level 19: A general store. Level 20: "lp" A jewelers. Level 21: "v" A general store, some fountains. Level 22: "NEW LAIR poly c" An altar to Thoth. Level 23: A fountain. Portal to Fort Ludios. Level 24: "Medusa" Level 25: "lp" Level 26: A fountain. The castle. Connection to Gehennom. Gehennom: levels 27 to 49 Level 27: A temple, many graves. Valley of the Dead. Level 28: Level 29: "lp" Level 30: "stash in sack near down" Level 31: "Asmo lp" Level 32: Level 33: "Jubes" A fountain. Level 34: "Baalz food near up" Level 35: Stairs up to Vlad's Tower, level 34. Level 36: Some shops, an altar, some graves. Level 37: "lp" Level 38: "Rodders" Level 39: Level 40: "wiz bottom" Level 41: "lp" Level 42: "lplp" Level 43: "poly" Level 44: "wiz portal" Level 45: Level 46: Level 47: "poly" Level 48: "lp poly" Level 49: A temple, many graves. Moloch's Sanctum. The Gnomish Mines: levels 5 to 12 Level 5: Level 6: Level 7: Level 8: Many shops, a temple, some fountains. Level 9: Level 10: Final resting place for spontiff-Hea-Gno-Mal-Neu, killed by a salamander. Level 11: Level 12: "ME" The Quest: levels 1 to 6 Level 1: Completed quest for Neferet the Green. Level 2: Level 3: "poly" Level 4: Level 5: "poly" Level 6: A temple to Thoth. Sokoban: levels 9 up to 6 Level 6: Solved. Level 7: Solved. Level 8: Solved. Level 9: Solved. Fort Ludios: Level 1: Vlad's Tower: levels 34 up to 32 Level 32: Level 33: Level 34: Goodbye Grasshopper the Demigoddess... You and the black dragon and the invisible Em and the invisible K2 and the invisible Gabriel went to your reward with 3669262 points, Magicbane (worth 3500 zorkmids and 8750 points) Werebane (worth 1500 zorkmids and 3750 points) Frost Brand (worth 3000 zorkmids and 7500 points) The Eye of the Aethiopica (worth 4000 zorkmids and 10000 points) The Platinum Yendorian Express Card (worth 7000 zorkmids and 17500 points) 38 aquamarine stones (worth 57000 zorkmids), 30 rubies (worth 105000 zorkmids), 27 jasper stones (worth 13500 zorkmids), 26 agate stones (worth 5200 zorkmids), 23 garnet stones (worth 16100 zorkmids), 22 opals (worth 17600 zorkmids), 21 emeralds (worth 52500 zorkmids), 21 amber stones (worth 21000 zorkmids), 20 worthless pieces of colored glass, 19 obsidian stones (worth 3800 zorkmids), 18 jacinth stones (worth 58500 zorkmids), 18 amethyst stones (worth 10800 zorkmids), 15 chrysoberyl stones (worth 10500 zorkmids), 14 sapphires (worth 42000 zorkmids), 14 turquoise stones (worth 28000 zorkmids), 13 jet stones (worth 11050 zorkmids), 12 topaz stones (worth 10800 zorkmids), 11 citrine stones (worth 16500 zorkmids), 10 diamonds (worth 40000 zorkmids), 9 black opals (worth 22500 zorkmids), 9 jade stones (worth 2700 zorkmids), 5 fluorite stones (worth 2000 zorkmids), 2 dilithium crystals (worth 9000 zorkmids), 1 amulet of life saving (worth 150 zorkmids), 1 amulet of magical breathing (worth 150 zorkmids), 1 amulet of flying (worth 150 zorkmids), and 256 pieces of gold, after 60439 moves. You were level 30 with a maximum of 593 hit points when you ascended.